 Dungeon Crawl Stone Soup version 0.24.0-7-gb3623d2c88 (webtiles) character file.

Game seed: 14820413527836710944, levelgen mode: deterministic

6118 opiumtea the Thaumaturge (level 10, -1/73 HPs)
             Began as an Octopode Conjurer on Oct 30, 2019.
             Was a Follower of Ashenzari.
             Slain by a wyvern (10 damage)
             ... on level 10 of the Dungeon on Nov 2, 2019.
             The game lasted 01:12:23 (15635 turns).

opiumtea the Thaumaturge (Octopode Conjurer)       Turns: 15635, Time: 01:12:24

Health: -1/73      AC:  1    Str:  7    XL:     10   Next: 89%
Magic:  9/22       EV: 13    Int: 22    God:    Ashenzari [*.....]
Gold:   258        SH:  0    Dex: 12    Spells: 12/26 levels left

rFire    . . .     SeeInvis .   g - +2 dagger (elec)
rCold    . . .     Gourm    .   (no shield)
rNeg     . . .     Faith    .   (helmet restricted)
rPois    .         Spirit   .   d - amulet of the acrobat (curse)
rElec    .         Reflect  .   (no ring)
rCorr    .         Harm     .   (no ring)
MR       .....                  (no ring)
Stlth    +++.......             (no ring)
HPRegen  0.22/turn              (no ring)
MPRegen  0.18/turn              (no ring)
                                (no ring)
                                (no ring)

@: studying Fire Magic
A: almost no armour, stealthy swim, amphibious, 8 rings, constrict 8, camouflage
1, gelatinous body 1
a: Curse Item, Scrying, Renounce Religion


You were on level 10 of the Dungeon.
You worshipped Ashenzari.
Ashenzari was aware of your devotion.
You were hungry.

You visited 2 branches of the dungeon, and saw 11 of its levels.

You collected 495 gold pieces.
You spent 237 gold pieces at shops.

Inventory:

Hand Weapons
 f - a +0 club
 g - a +2 dagger of electrocution (weapon)
 o - a +2 short sword of flaming
Missiles
 r - 175 stones (quivered)
Armour
 E - the +3 shield of the Sun {Int+7}
   (You bought it in a shop on level 9 of the Dungeon)

   It affects your intelligence (+7).
Jewellery
 d - a cursed amulet of the acrobat (around mantle)
 w - an uncursed amulet of regeneration
Wands
 j - a wand of disintegration (16)
 p - a wand of iceblast (8)
 A - a wand of digging (3)
Scrolls
 e - a scroll of fear
 m - 8 scrolls of teleportation
 q - a scroll of amnesia {unknown}
 s - a scroll of fog
 t - 2 scrolls of noise {unknown}
 v - 3 scrolls of enchant weapon {unknown}
 y - 3 scrolls of remove curse
 z - a scroll of enchant armour {unknown}
 C - a scroll of blinking
 D - a scroll of silence {unknown}
Potions
 a - 4 potions of curing
 c - a potion of ambrosia {unknown}
 h - a potion of agility {unknown}
 i - 5 potions of brilliance
 k - 2 potions of invisibility {unknown}
 l - a potion of haste {unknown}
 n - 2 potions of magic {unknown}
 u - a potion of cancellation {unknown}
 B - a potion of berserk rage {unknown}
Books
 x - a manual of Fire Magic
Comestibles
 b - 10 rations


   Skills:
 - Level 8.7 Fighting
 - Level 2.0 Dodging
 - Level 2.6 Stealth
 + Level 5.9 Shields
 - Level 8.8 Spellcasting
 - Level 6.0 Conjurations
 - Level 6.0 Hexes


You had 12 spell levels left.
You knew the following spells:

 Your Spells              Type           Power        Failure   Level  Hunger
a - Magic Dart            Conj           ####         1%          1    None
b - Searing Ray           Conj           #####.       1%          2    None
c - Dazzling Spray        Conj/Hex       #####.       1%          3    None
d - Fulminant Prism       Conj/Hex       #####.....   5%          4    ##.....
e - Iskenderun's Mystic   Conj           #####...     6%          4    ##.....

Your spell library contained the following spells:

 Spells                   Type           Power        Failure   Level  Hunger
 Force Lance              Conj/Tloc      ###.....     21%         4    ##.....


Dungeon Overview and Level Annotations

Branches:
Dungeon (10/15)            Temple (1/1) D:6             Orc (0/2) D:9
   Lair: D:8-11

Altars:
Ashenzari
Dithmenos
Fedhas
Ru
Sif Muna
Uskayaw
Wu Jian

Shops:
D:9 [}

Annotations:
D:9 Erolcha


Innate Abilities, Weirdness & Mutations

You cannot wear most types of armour.
You are very stealthy in the water. (Stealth+)
You are amphibious.
You can wear up to eight rings at the same time.
You can use your tentacles to constrict eight enemies at once.
Your skin changes colour to match your surroundings (Stealth+).
Your rubbery body absorbs attacks. (AC +1, EV +1)


Message History

You completely miss the orc warrior. You grab the orc warrior.
You squeeze the orc warrior, but do no damage.
The orc warrior is almost dead.
You constrict the orc warrior, but do no damage.
The wyvern misses you.
The orc warrior hits you with a +0 hand axe!
The orc warrior hits your fulminant prism with a +0 hand axe.
The wyvern bites you.
Your fulminant prism explodes!
The blast of energy engulfs the orc warrior!!
You kill the orc warrior!
The blast of energy engulfs the wyvern!
The wyvern is moderately wounded.
The blast of energy engulfs you!!
* * * LOW HITPOINT WARNING * * *
You hear a shout!
You feel better. The wyvern bites you.
* * * LOW HITPOINT WARNING * * *
The wyvern misses you. The wyvern bites you!
You die...

..###..
......#
.....##
......#
.......
....#
##.!#
#@.#
#)l#
.)##
.)##
..[
##..
#.. ##.


You could see a wyvern.

Vanquished Creatures
  Grinder (D:3)
  A hippogriff (D:7)
  A human (D:7)
  9 yaks (D:9)
  4 hogs (D:7)
  2 ice beasts (D:8)
  3 orc warriors
  A phantom (D:5)
  A sky beast (D:7)
  A black bear (D:8)
  6 ogres
  4 centaurs
  A big kobold (D:8)
  3 bullfrogs
  2 scorpions
  A water moccasin skeleton (D:7)
  7 killer bees
  5 wights (D:5)
  A howler monkey (D:7)
  2 crimson imps (D:5)
  3 jellies
  2 bullfrog zombies
  5 hounds
  Crazy Yiuf (D:7)
  3 orc priests
  A gnoll shaman (D:5)
  A centaur skeleton (D:4)
  8 orc wizards
  Terence (D:2)
  Jessica (D:2)
  2 iguanas (D:8)
  A worker ant (D:6)
  A hound skeleton (D:5)
  Robin (D:2)
  A worker ant zombie (D:5)
  5 gnolls
  11 adders
  2 shadow imps
  An ooze (D:4)
  4 adder skeletons
  4 adder zombies
  A worm (D:5)
  A dart slug (D:4)
  3 leopard geckos
  19 orcs
  7 bats
  12 giant cockroaches
  18 goblins
  10 hobgoblins
  3 jackals (D:1)
  15 kobolds
  6 quokkas
  3 ball pythons (D:3)
  6 frilled lizards
  A jackal zombie (D:6)
  A quokka skeleton (D:5)
  13 rats
234 creatures vanquished.

Vanquished Creatures (others)
  44 fulminant prisms
44 creatures vanquished.

Grand Total: 278 creatures vanquished

Notes
Turn   | Place    | Note
-------+----------+-------------------------------------------
     0 | D:1      | opiumtea the Octopode Conjurer began the quest for the Orb.
     0 | D:1      | Reached XP level 1. HP: 11/11 MP: 3/3
   352 | D:1      | Reached XP level 2. HP: 17/17 MP: 0/5
   353 | D:1      | Upgraded the game from 0.24.0-2-g5b39cebb1c to
                  | 0.24.0-7-gb3623d2c88
   519 | D:1      | Learned a level 2 spell: Searing Ray
   838 | D:1      | Reached XP level 3. HP: 21/21 MP: 1/7
   898 | D:1      | Learned a level 3 spell: Dazzling Spray
   980 | D:1      | You fall into a shaft and drop 1 floor!
  1723 | D:2      | Noticed Terence
  1738 | D:2      | Killed Terence
  1738 | D:2      | Reached XP level 4. HP: 27/27 MP: 0/9
  1940 | D:2      | Learned a level 4 spell: Fulminant Prism
  1966 | D:2      | Reached skill level 1 in Hexes
  2344 | D:2      | Noticed Jessica
  2351 | D:2      | Killed Jessica
  2351 | D:2      | Reached XP level 5. HP: 31/31 MP: 4/11
  2968 | D:2      | Noticed Robin
  3172 | D:2      | Killed Robin
  3688 | D:3      | Noticed Grinder
  4672 | D:3      | Found the +6 shillelagh "Devastator" {shatter}
  4746 | D:3      | Reached XP level 6. HP: 36/36 MP: 5/12
  5391 | D:4      | Found a shadowy altar of Dithmenos.
  6111 | D:4      | Reached skill level 5 in Spellcasting
  6111 | D:4      | Reached XP level 7. HP: 41/41 MP: 4/14
  6432 | D:4      | Reached skill level 5 in Hexes
  6725 | D:4      | Found a shadowy altar of Dithmenos.
  7469 | D:5      | Entered Level 5 of the Dungeon
  7920 | D:5      | Reached skill level 5 in Conjurations
  7920 | D:5      | Reached XP level 8. HP: 46/46 MP: 10/15
  8570 | D:5      | Reached skill level 1 in Fighting
  9339 | D:3      | Killed Grinder
  9502 | D:6      | Learned a level 4 spell: Iskenderun's Mystic Blast
  9545 | D:6      | Reached skill level 5 in Fighting
  9837 | D:6      | Reached XP level 9. HP: 62/62 MP: 5/17
 10278 | D:6      | Found a staircase to the Ecumenical Temple.
 10294 | Temple   | Entered the Ecumenical Temple
 10299 | Temple   | Became a worshipper of Ashenzari the Shackled
 11340 | D:7      | Found a runed translucent door.
 11341 | D:7      | Noticed Crazy Yiuf
 11348 | D:7      | Killed Crazy Yiuf
 12316 | D:8      | Reached XP level 10. HP: 48/71 MP: 13/21
 13101 | D:8      | Found a shimmering blue altar of Sif Muna.
 14302 | D:9      | Found a staircase to the Orcish Mines.
 14302 | D:9      | Found a sacrificial altar of Ru.
 14333 | D:9      | Reached * piety under Ashenzari
 14517 | D:9      | Noticed Erolcha
 14543 | D:9      | Found Diocw's Antique Armour Boutique.
 14550 | D:9      | Bought a distressingly furry shield for 237 gold pieces
 14555 | D:9      | Identified the +3 shield of the Sun {Int+7} (You bought it
                  | in a shop on level 9 of the Dungeon)
 14628 | D:9      | Reached skill level 1 in Shields
 15246 | D:9      | Reached skill level 5 in Shields
 15564 | D:9      | Found Peur Kae's Gadget Boutique.
 15624 | D:10     | Entered Level 10 of the Dungeon
 15633 | D:10     | HP: 1/73 [fulminant prism[the player character] (24)]
 15635 | D:10     | Slain by a wyvern

Levels and vault maps discovered:
D:1:      mrwooster_arrival_statue, layout_loops_ring
D:2:      layout_loops_corners, uniq_jessica, uniq_robin, uniq_terence
D:3:      minmay_octagon_keep, layout_basic, portal_sewer_entry_e,
          ebering_dispersal_statue_hall, uniq_grinder
D:4:      layout_loops_ring, first_ration, nicolae_dithmenos_shadow_blocks
D:5:      layout_rooms
D:6:      layout_rooms, minmay_temple_entry_statues
D:7:      layout_loops_corners, grunt_livestock, minmay_manual_monolith,
          uniq_crazy_yiuf_cottage
D:8:      layout_basic, led_sif_pool
D:9:      layout_basic, lemuel_round_altar, orc_0_dummy, serial_shops,
          nicolae_shop_statue_plus, nicolae_shop_window_shopping, uniq_erolcha
D:10:     layout_layer_cave, uniq_joseph
Temple:   nicolae_temple_the_god_donut

Skill      XL: |  1  2  3  4  5  6  7  8  9 10 |
---------------+-------------------------------+-----
Spellcasting   | 3 4 5 7 8 |  8.8
Hexes          | 2 3 4 6 |  6.0
Conjurations   | 5 6 |  6.0
Fighting       | 6 7 8 |  8.7
Shields        | 5 |  5.9
Dodging        | |  2.0
Stealth        | |  2.6

Action                   |  1- 3 |  4- 6 |  7- 9 | 10-12 || total
-------------------------+-------+-------+-------+-------++-------
Melee: Constrict         |     2 |     2 |     1 |     1 ||     6
       Tentacles         |     2 |       |     1 |     1 ||     4
       Unarmed           |     1 |       |       |       ||     1
       Dagger            |     3 |     7 |     3 |     5 ||    18
 Cast: Magic Dart        |    53 |   162 |   152 |    53 ||   420
       Searing Ray       |     4 |     8 |    30 |    19 ||    61
       Dazzling Spray    |       |     2 |     8 |       ||    10
       Fulminant Prism   |       |       |    18 |    27 ||    45
Invok: Curse Item        |       |       |     1 |       ||     1
  Use: Scroll            |     2 |     5 |     4 |       ||    11
       Potion            |       |       |       |     1 ||     1
  Eat: Chunk             |     2 |    13 |    12 |     5 ||    32
       Ration            |       |       |     3 |     2 ||     5
Armor: Skin              |       |     1 |     6 |     1 ||     8
Dodge: Dodged            |     9 |    36 |    92 |    46 ||   183
